[Event "Early-Titled-Tuesday-Blitz-March-05-2024"]
[Site "Chess.com"]
[Date "2024.03.05"]
[Round "10"]
[White "santosalberto1987"]
[Black "emeli_chess"]
[Result "1/2-1/2"]
[WhiteElo "2527"]
[BlackElo "2422"]
[TimeControl "180+1"]
[EndTime "9:58:14 PST"]
[Termination "Game drawn - insufficient material"]

1. e4 e5 2. Nf3 Nc6 3. Bc4 Nf6 4. d3 Be7 5. O-O O-O 6. c3 d6 7. Bb3 Na5 8. Bc2 c5 9. h3 Qc7 10. Re1 Nc6 11. Nbd2 h6 12. Nf1 Re8 13. a3 a6 14. b4 b5 15. Ne3 Bf8 16. bxc5 dxc5 17.
Nd5 Nxd5 18. exd5 Ne7 19. Rxe5 Bb7 20. c4 Ng6 21. Rxe8 Rxe8 22. Be3 Bd6 23. Qd2 Qe7 24. a4 b4 25. d4 a5 26. Bxg6 fxg6 27. dxc5 Bxc5 28.
Bxc5 Qxc5 29. Qd4 Qxd4 30. Nxd4 Rc8 31. d6 Rxc4 32. Rd1 Bc8 33. Nb3 Bd7 34. Nxa5 Rc3 35. Rb1 Rd3 36. Rxb4 Rxd6 37. Nc4 Rd4 38. Rb8+ Kh7 39.
Rd8 Rxc4 40. Rxd7 Rxa4 41. Kh2 g5 42. Rd6 Ra3 43. Rc6 Rb3 44. f3 Ra3 45. Kg3 Rb3 46. Kf2 Ra3 47. Re6 Ra4 48. Re4 Ra3 49.
Re3 Ra4 50. Re4 Ra3 51. h4 gxh4 52. Rxh4 g5 53. Rc4 Kg6 54. Rc6+ Kg7 55. Kg3 Ra4 56. Re6 Rb4 57. Re4 Rxe4 58. fxe4 h5 59. Kf3 Kf6 60. g3 Ke5 61. Ke3 h4 62. gxh4 gxh4 63. Kf3 h3 64.
Kg3 Kxe4 65. Kxh3 1/2-1/2

[Event "Early-Titled-Tuesday-Blitz-March-05-2024"]
[Site "Chess.com"]
[Date "2024.03.05"]
[Round "10"]
[White "Chessmissile07"]
[Black "Seochesspie"]
[Result "0-1"]
[WhiteElo "2906"]
[BlackElo "2838"]
[TimeControl "180+1"]
[EndTime "9:58:15 PST"]
[Termination "Seochesspie won by resignation"]

1. a3 h6 2. e4 c5 3. Nc3 Nc6 4. Bb5 Nd4 5. Bc4 e6 6. Nf3 Nc6 7. O-O Nf6 8. Re1 d6 9. Bb5 Bd7 10. Bxc6 Bxc6 11. d4 cxd4 12. Nxd4 Rc8 13. Nxc6 Rxc6 14.
Be3 a6 15. Qf3 Be7 16. Rad1 Qc7 17. Qg3 g5 18. Bd4 e5 19. Be3 Rc4 20. Qf3 b5 21. Rd2 Rg8 22. Red1 Rg6 23. g4 Qc6 24. Nd5 Nxd5 25.
exd5 Qc8 26. h3 Kf8 27. c3 Kg7 28. Qe2 f5 29. f3 Rf6 30. Rf1 Bf8 31. Qd3 Kg8 32.
Rg2 Bg7 33. Qd2 f4 34. Bf2 e4 35. fxe4 Rxe4 36. Bd4 Rf7 37. Bxg7 Rxg7 38. Re1 Rge7 39. Rge2 Qe8 40. Rxe4 Rxe4 41. Rxe4 Qxe4 42. b3 Kf7 43. Qd1 Kf6 44. Qd2 Ke5 45. c4 bxc4 46. bxc4 Qd4+ 47. Qxd4+ Kxd4 48. Kf2 Kxc4 0-1

[Event "Early-Titled-Tuesday-Blitz-March-05-2024"]
[Site "Chess.com"]
[Date "2024.03.05"]
[Round "10"]
[White "HelvertHernandez"]
[Black "NowInChess"]
[Result "0-1"]
[WhiteElo "2026"]
[BlackElo "2238"]
[TimeControl "180+1"]
[EndTime "9:58:18 PST"]
[Termination "NowInChess won by checkmate"]

1. e4 e6 2. d4 d5 3. exd5 exd5 4. Nf3 Nc6 5. Bd3 Bd6 6. c3 Bg4 7. O-O Nge7 8. Nbd2 Qd7 9. Re1 f6 10. Nf1 O-O 11. Qc2 Bf5 12. Ng3 Bxg3 13. hxg3 Rae8 14.
Bf4 Bxd3 15. Qxd3 Nd8 16. a4 Ne6 17. Bd2 Nc8 18. b4 Nd6 19. Bf4 Nxf4 20. gxf4 Rxe1+ 21. Rxe1 Qxa4 22. Re7 Rf7 23. Qe2 Kf8 24. Rxf7+ Kxf7 25. g3 Qa1+ 26. Qe1 Qxe1+ 27. Nxe1 Ne4 28. Nd3 b6 29. f5 Nxc3 30. Nf4 a5 31. bxa5 bxa5 32. Nd3 Ne2+ 33. Kf1 Nxd4 34. Nc5 Nxf5 35. Ke2 Ke7 36. Kd3 h5 37. Nb7 a4 38. Nc5 a3 39. Kc3 g5 40.
Kb3 h4 41. gxh4 gxh4 42. Nd3 h3 43. f4 h2 44. Nf2 Kd6 45. Kxa3 Kc5 46. Kb3 Kd4 47.
Kc2 c5 48. Kd2 c4 49. Nh1 c3+ 50. Kc2 Kc4 51. Nf2 d4 52. Nh1 d3+ 53. Kc1 d2+ 54.
Kc2 Ne3+ 55. Kb1 d1=Q+ 56. Ka2 Qb3+ 57. Ka1 Qb2# 0-1

[Event "Early-Titled-Tuesday-Blitz-March-05-2024"]
[Site "Chess.com"]
[Date "2024.03.05"]
[Round "10"]
[White "PeshkaCh"]
[Black "bescmelasti"]
[Result "1/2-1/2"]
[WhiteElo "2815"]
[BlackElo "2668"]
[TimeControl "180+1"]
[EndTime "9:58:19 PST"]
[Termination "Game drawn by repetition"]

1. e4 c5 2. b3 Nc6 3. Bb2 d5 4.
exd5 Qxd5 5. Nc3 Qd8 6. Bb5 Bd7 7. Nf3 Nf6 8. O-O e6 9. Bxc6 Bxc6 10. Ne5 Rc8 11. Nxc6 Rxc6 12. Re1 Be7 13. d3 O-O 14.
Qf3 Qd7 15. Ne4 Nxe4 16. Rxe4 b5 17. Rae1 c4 18. Rd4 Qc8 19. dxc4 bxc4 20. bxc4 Rxc4 21. Rxc4 Qxc4 22. Qg3 f6 23. Qb3 Rc8 24. Rxe6 Qxb3 25. cxb3 Rc2 26. Rxe7 Rxb2 27. g4 Rxa2 28. Rb7 a5 29. Kg2 a4 30. bxa4 Rxa4 31. Kg3 Kf8 32. h4 Re4 33. f3 Re7 34. Rb5 Kf7 35. h5 g6 36. hxg6+ hxg6 37. Kf4 Rd7 38. Rb4 g5+ 39. Kg3 Kg6 40. Rb5 Re7 41. Kf2 Rd7 42. Ke3 Re7+ 43. Kd3 Rd7+ 44. Ke4 Re7+ 45. Kd4 Rd7+ 46. Rd5 Rxd5+ 47.
Kxd5 f5 48. Ke6 fxg4 49. fxg4 Kg7 50. Ke5 Kf7 51. Kf5 Kf8 52. Kf6 Kg8 53. Kg6 Kf8 54.
Kh5 Kf7 55. Kxg5 Kg7 56. Kf5 Kf7 57. Kg5 Kg7 58. Kh5 Kh7 59. g5 Kg7 60. Kg4 Kg6 61.
Kf4 Kg7 62. Kf5 Kf7 63. Ke5 Kg6 64. Kf4 Kg7 65. Kf5 Kf7 66. g6+ Kg7 67. Kg5 Kg8 68. Kf6 Kf8 69. Kf5 Kg7 70. Kg5 Kg8 71. Kh5 Kg7 72.
Kg5 1/2-1/2

[Event "Early-Titled-Tuesday-Blitz-March-05-2024"]
[Site "Chess.com"]
[Date "2024.03.05"]
[Round "10"]
[White "jaskol95"]
[Black "Qvalda"]
[Result "1/2-1/2"]
[WhiteElo "2565"]
[BlackElo "2439"]
[TimeControl "180+1"]
[EndTime "9:58:19 PST"]
[Termination "Game drawn by repetition"]

1. e4 e6 2. Nf3 d5 3. e5 Bd7 4.
d4 c5 5. c3 Nc6 6. Na3 Nge7 7.
dxc5 Ng6 8. b4 a5 9. Nb5 Ncxe5 10. Be3 Be7 11. Nxe5 Nxe5 12. Bd4 Nc6 13. Bxg7 Rg8 14.
Bd4 axb4 15. cxb4 Nxb4 16. Be2 Qa5 17. Nc3 Bxc5 18. O-O Bxd4 19. Qxd4 Nc2 20. Qf6 Nxa1 21. Rxa1 Qd8 22. Qd4 Qg5 23. Bf3 Qg7 24. Qb4 Rc8 25.
Rc1 d4 26. Ne2 Rxc1+ 27. Nxc1 Qg5 28. Nd3 Qb5 29. Qa3 Qb1+ 30. Nc1 Bc6 31. Bxc6+ bxc6 32. h4 Rg6 33. Qa8+ Ke7 34. Qa7+ Kf8 35. Qc5+ Kg8 36. Kh2 h5 37. Ne2 Qf5 38. Qxd4 Qg4 39. Qd8+ Kh7 40. Ng3 Qf4 41. a4 Qxf2 42. Qc7 Qf6 43. Kh3 Rg4 44.
Kh2 Qxh4+ 45. Kg1 Qxg3 46. Qxf7+ Rg7 47. Qxh5+ Kg8 48. Qe8+ Kh7 49. Qh5+ Kg8 50. Qe8+ Kh7 51. Qh5+ 1/2-1/2

[Event "Early-Titled-Tuesday-Blitz-March-05-2024"]
[Site "Chess.com"]
[Date "2024.03.05"]
[Round "10"]
[White "Penafiel-Josselyne02"]
[Black "shirovin"]
[Result "1-0"]
[WhiteElo "2053"]
[BlackElo "2051"]
[TimeControl "180+1"]
[EndTime "9:58:19 PST"]
[Termination "Penafiel-Josselyne02 won on time"]

1. d4 Nf6 2. c4 g6 3. Nc3 d5 4. cxd5 Nxd5 5. Bd2 c5 6. e4 Nxc3 7. Bxc3 cxd4 8. Bb5+ Nc6 9. Qxd4 Qxd4 10. Bxd4 e5 11. Bxe5 Bb4+ 12. Kf1 O-O 13. Bf6 Re8 14. f3 Re6 15.
Bc3 Bxc3 16. bxc3 a6 17. Bc4 Rd6 18. Ne2 Rd2 19. Ke1 Rb2 20. Kf2 Be6 21. Bxe6 fxe6 22.
Rhb1 Rxb1 23. Rxb1 b5 24. Rd1 Na5 25. Rd7 Rc8 26.
Re7 Rc6 27. Ke3 Nc4+ 28. Kf4 h6 29. e5 Kf8 30. Nd4 Kxe7 31. Nxc6+ Kf7 32. Nd4 Nd2 33. Nb3 Nb1 34. Nc5 a5 35. Ne4 b4 36. cxb4 axb4 37.
Nd6+ Ke7 38. Nc4 Nc3 39. a3 b3 40. Ke3 Na4 41. Kd2 Kd7 42. Kc1 Kc6 43. Nb2 Kb5 44. Nxa4 Kxa4 45. Kb2 1-0

[Event "Early-Titled-Tuesday-Blitz-March-05-2024"]
[Site "Chess.com"]
[Date "2024.03.05"]
[Round "10"]
[White "WilsonPalencia21"]
[Black "LeoLV10"]
[Result "1-0"]
[WhiteElo "2584"]
[BlackElo "2488"]
[TimeControl "180+1"]
[EndTime "9:58:21 PST"]
[Termination "WilsonPalencia21 won by checkmate"]

1. d4 Nf6 2. c4 e6 3. Nf3 c5 4. d5 exd5 5. cxd5 d6 6. g3 g6 7. Bg2 Bg7 8. O-O O-O 9. Nc3 Re8 10. Nd2 Nbd7 11. h3 a6 12. a4 Rb8 13. Nc4 Nb6 14.
Na3 Bd7 15. Bf4 Qc7 16. a5 Nc8 17. Nc4 Bb5 18. Na3 Bd7 19. Nc4 Bb5 20. Nxb5 axb5 21.
Nd2 Nd7 22. Ra2 Ne5 23. b3 b4 24. Bxe5 Bxe5 25. Nc4 Bg7 26. e4 Na7 27. f4 Nb5 28.
Qd3 Rbd8 29. Kh2 Bd4 30. Re2 Nc3 31. Ree1 f6 32. h4 Re7 33. h5 Rg7 34. h6 Re7 35.
Bh3 Rde8 36. Be6+ Rxe6 37. dxe6 Rxe6 38. f5 Re7 39. Nb6 Qd8 40. Nd5 Rf7 41. Nxc3 Be5 42. Nd5 Qf8 43. Kg2 Qxh6 44. Rh1 Qg7 45. Ref1 gxf5 46. Rxf5 Qg4 47. Qf3 Qg6 48. Rh4 Rg7 49.
Nxf6+ Kh8 50. Nh5 Rg8 51. Rf8 Qh6 52. Rxg8+ Kxg8 53. Rg4+ Kh8 54. Qf5 Qd2+ 55. Kh3 h6 56. Qf8+ Kh7 57. Qg8# 1-0

[Event "Early-Titled-Tuesday-Blitz-March-05-2024"]
[Site "Chess.com"]
[Date "2024.03.05"]
[Round "10"]
[White "Shivananda1964"]
[Black "tarno17"]
[Result "0-1"]
[WhiteElo "2326"]
[BlackElo "2182"]
[TimeControl "180+1"]
[EndTime "9:58:21 PST"]
[Termination "tarno17 won by resignation"]

1. e4 c5 2. Nf3 e6 3. c3 d5 4. exd5 Qxd5 5. d4 Nf6 6. g3 cxd4 7. cxd4 Bb4+ 8. Nc3 Ne4 9. Qd3 Nc6 10. Bg2 Nxc3 11. bxc3 Ba5 12. O-O h6 13. Ba3 Bd8 14. Ne5 Nxe5 15. Bxd5 Nxd3 16. Bc4 Nxf2 17. Rxf2 Be7 18.
Bb2 O-O 19. Raf1 Bd7 20. Bd3 Rac8 21. c4 Bf6 22. d5 Bxb2 23. Rxb2 exd5 24. Rxb7 Bc6 25.
Rxa7 dxc4 26. Bf5 Rb8 27. Rc7 Bd5 28. Rd1 Rb5 29. a4 Ra5 30. Bd7 Rb8 31. Bb5 Bf3 32.
Rc1 Be2 33. Kf2 Bd3 34. Ke3 Rd8 35. Kd2 Bf5+ 36. Kc3 Bd3 37. Kb4 Raa8 38. Rc3 Rab8 39. a5 Rd5 40. Rc5 Rd7 41. a6 Ra7 42. Ka5 Re7 43.
Rc6 Re2 44. Kb4 Rb2+ 45. Kc5 R2xb5+ 46. Kd6 Ra5 47. Kc7 Ra8 48. Kb7 Re8 49. a7 Re7+ 0-1

[Event "Early-Titled-Tuesday-Blitz-March-05-2024"]
[Site "Chess.com"]
[Date "2024.03.05"]
[Round "10"]
[White "DKmirl"]
[Black "AlexandraSamaganova"]
[Result "0-1"]
[WhiteElo "2309"]
[BlackElo "2298"]
[TimeControl "180+1"]
[EndTime "9:58:21 PST"]
[Termination "AlexandraSamaganova won on time"]

1. d4 Nf6 2. Nf3 e6 3. g3 b6 4. Bg2 Bb7 5. O-O Be7 6. c4 O-O 7. Nc3 Ne4 8. Bd2 Nxc3 9. Bxc3 Be4 10. b4 d6 11. a4 Nd7 12. a5 f5 13. Qb3 Nf6 14.
Rad1 Qd7 15. b5 h6 16. c5 Bd5 17. Qb2 bxc5 18. dxc5 Rfb8 19. c6 Qe8 20. Nh4 Bxg2 21.
Nxg2 Ne4 22. Rb1 e5 23. Qa2+ Kh8 24. Be1 Nc5 25. Bb4 Rxb5 26. Bxc5 Rxc5 27. Ne3 f4 28. Nd5 Bd8 29. Rfc1 Qxc6 30. Nb4 Qe8 31. Rxc5 dxc5 32. Nd3 fxg3 33. hxg3 e4 34. Nxc5 Bf6 35. Nxe4 Qxe4 36.
Rd1 Re8 37. e3 Qf3 38. Rf1 Be5 39. Qa4 Qf7 40. Qb5 Bd6 41. Qc6 Rf8 42. Qb7 Qf3 43. Qxa7 h5 44. Qa6 h4 0-1

[Event "Early-Titled-Tuesday-Blitz-March-05-2024"]
[Site "Chess.com"]
[Date "2024.03.05"]
[Round "10"]
[White "alexrustemov"]
[Black "littlepinkyboy"]
[Result "1-0"]
[WhiteElo "2813"]
[BlackElo "2672"]
[TimeControl "180+1"]
[EndTime "9:58:22 PST"]
[Termination "alexrustemov won by resignation"]

1. d4 d5 2. c4 c6 3. Nc3 Nf6 4.
e3 e6 5. Nf3 Nbd7 6. Qc2 Bd6 7.
Bd2 O-O 8. O-O-O e5 9. cxd5 cxd5 10. Nb5 Bb8 11. dxe5 Nxe5 12. Bc3 Ng6 13. Kb1 Ne4 14. Bd3 Bf5 15. Nbd4 Nxc3+ 16. Qxc3 Bxd3+ 17. Rxd3 Qf6 18. Rhd1 Ne5 19. Nxe5 Bxe5 20. Qd2 Rad8 21. Nf3 Bc7 22. a3 Qg6 23. g3 Rd6 24. Ka2 Rfd8 25. Nd4 Bb6 26.
Ne2 Qe4 27. Nc3 Qc4+ 28. b3 Qc6 29. Rxd5 Rxd5 30. Nxd5 Kf8 31. e4 Rc8 32. Kb2 Ba5 33. b4 Bc7 34. Nxc7 Qxc7 35. Qd6+ Qxd6 36. Rxd6 Ke7 37. Rd5 a6 38. f3 f6 39. h4 g6 40. h5 Ke6 41. h6 Ke7 42. f4 Rc4 43. Rc5 Rxc5 44. bxc5 Kd7 45. Kc3 Kc6 46. Kd4 Kc7 47. Kd5 Kd7 48. e5 Ke7 49. e6 Kd8 50. Kd6 Ke8 51. Kc7 Ke7 52. Kxb7 Kxe6 53. c6 Kf5 54. c7 Kg4 55. c8=Q+ Kxg3 56. Qc7 Kg4 57. Qxh7 Kh5 58. Qg7 g5 59. fxg5 1-0

[Event "Early-Titled-Tuesday-Blitz-March-05-2024"]
[Site "Chess.com"]
[Date "2024.03.05"]
[Round "10"]
[White "Kumi29"]
[Black "TheMagician"]
[Result "1-0"]
[WhiteElo "2591"]
[BlackElo "2215"]
[TimeControl "180+1"]
[EndTime "9:58:25 PST"]
[Termination "Kumi29 won on time"]

1. d4 Nf6 2. Bg5 e6 3. Nd2 d5 4.
e3 h6 5. Bh4 c5 6. c3 Nc6 7. Bd3 e5 8. dxe5 Nxe5 9. Bb5+ Bd7 10.
Bxd7+ Nexd7 11. Ngf3 Be7 12. O-O O-O 13. Re1 Re8 14.
Nf1 b6 15. Bxf6 Nxf6 16. Ng3 Bf8 17. Qa4 Qd7 18. Qf4 Bd6 19. Qh4 Bxg3 20. hxg3 Re4 21.
Qh3 Qb5 22. Nd2 Re7 23. Nb3 a5 24. Rab1 Qc4 25. Ra1 Rae8 26. Nd2 Qd3 27. Nf3 Qc2 28.
Rab1 Qa4 29. a3 Qe4 30. Rbd1 a4 31. Qh4 Qxh4 32. Nxh4 g6 33. Nf3 Ra8 34. Nd2 Kg7 35. c4 Rd7 36. cxd5 Rxd5 37. Nc4 Rxd1 38. Rxd1 b5 39. Ne5 Ra7 40. Rd6 Ne4 41. Rb6 f6 42. Nc6 Rd7 43. f3 Rd1+ 44. Kh2 Nf2 45. g4 h5 46. gxh5 gxh5 47. Kg3 1-0

[Event "Early-Titled-Tuesday-Blitz-March-05-2024"]
[Site "Chess.com"]
[Date "2024.03.05"]
[Round "10"]
[White "amanjazu"]
[Black "atbenina64"]
[Result "0-1"]
[WhiteElo "2534"]
[BlackElo "2723"]
[TimeControl "180+1"]
[EndTime "9:58:26 PST"]
[Termination "atbenina64 won by checkmate"]

1. g3 e5 2. Bg2 Nf6 3. c4 c6 4. Nc3 d5 5. d4 e4 6. f3 Bb4 7. Bg5 h6 8. Bxf6 Qxf6 9. fxe4 dxe4 10. Bxe4 O-O 11. Nf3 Bh3 12. Qd3 Re8 13. O-O-O Bxc3 14. bxc3 Na6 15. Ne5 Nc5 16. Qc2 Nxe4 17. Qxe4 Qe7 18. Qc2 f6 19. Ng6 Qa3+ 20. Qb2 Qxb2+ 21. Kxb2 Rxe2+ 22. Ka3 Re3 23. Kb3 Rae8 24. Nf4 Bf5 25. d5 g5 26. Nh5 Kf7 27. Rhf1 R8e5 28. d6 Kg6 29. Rxf5 Rxf5 30. d7 Rf2 31. d8=Q Ree2 32. Qd3+ Kxh5 33. g4+ Kxg4 34. Rg1+ Kh5 35. Qh3+ Kg6 36. Qd3+ Kh5 37. Rb1 Rxh2 38. Qd7 g4 39. Qxb7 g3 40. Qxc6 g2 41.
Qf3+ Kh4 42. Qxe2 g1=Q 43. Qe4+ Qg4 44. Qe7 Qg5 45. c5 Qd5+ 46. c4 Qd3+ 47. Kb4 Qxb1+ 48.
Ka5 Rxa2# 0-1

[Event "Early-Titled-Tuesday-Blitz-March-05-2024"]
[Site "Chess.com"]
[Date "2024.03.05"]
[Round "10"]
[White "Shuvalov"]
[Black "AsaHoffmann"]
[Result "1-0"]
[WhiteElo "2539"]
[BlackElo "2412"]
[TimeControl "180+1"]
[EndTime "9:58:26 PST"]
[Termination "Shuvalov won on time"]

1. d4 Nf6 2. c4 c5 3. Nf3 cxd4 4. Nxd4 e5 5. Nb5 d5 6. cxd5 Bb4+ 7. N5c3 O-O 8. e4 Nxe4 9. Bd3 Nf6 10. O-O Re8 11.
Bg5 h6 12. Bh4 Nbd7 13. Qc2 a6 14. Rd1 b5 15. a4 bxa4 16. Rxa4 a5 17. Bb5 Rb8 18.
Bc6 Bd6 19. Nb5 Nb6 20. Bxf6 Qxf6 21. Bxe8 Nxa4 22. Qxa4 Bc5 23. Rf1 Bf5 24. N5c3 Bd3 25. Nd2 Bxf1 26. Nde4 Qb6 27. Kxf1 Bd4 28. Qd7 Qb7 29.
Bxf7+ Kh8 30. Qg4 Qxf7 31. d6 Rd8 32. Qg3 Qe6 33. Ke2 a4 34. h3 a3 35. bxa3 Rxd6 36.
Nxd6 Qxd6 37. Ne4 Qa6+ 38. Qd3 Qa5 39. Kf3 Qe1 40. g3 Qh1+ 41. Ke2 Qxh3 42. Qf3 Qd7 43. Qf8+ Kh7 44. Qf3 Qe7 45. Qd3 g6 46. Kf3 Qf7+ 47. Kg2 Kg7 48. a4 Qd5 49. Qf3 Qc6 50. a5 1-0

[Event "Early-Titled-Tuesday-Blitz-March-05-2024"]
[Site "Chess.com"]
[Date "2024.03.05"]
[Round "10"]
[White "annamaja"]
[Black "NM_Antelacus"]
[Result "1/2-1/2"]
[WhiteElo "2442"]
[BlackElo "2289"]
[TimeControl "180+1"]
[EndTime "9:58:26 PST"]
[Termination "Game drawn by repetition"]

1. e4 c6 2. Nc3 d5 3. Nf3 dxe4 4. Nxe4 Bf5 5. Ng3 Bg6 6. d4 e6 7. h4 h6 8. h5 Bh7 9. Bd3 Bxd3 10. Qxd3 Nf6 11.
Bd2 Nbd7 12. O-O-O Qc7 13. Ne4 Nxe4 14. Qxe4 Nf6 15. Qe2 O-O-O 16. c3 Bd6 17. Kb1 Nd5 18. g3 Rhe8 19. Ne5 Bxe5 20. dxe5 Ne7 21. f4 Rd5 22. Be3 b6 23. c4 Rxd1+ 24. Rxd1 Rd8 25. g4 c5 26.
Rxd8+ Qxd8 27. Kc2 Nc6 28. Qf3 Kc7 29. a3 Nd4+ 30.
Bxd4 Qxd4 31. b3 Qg1 32. b4 Qd4 33. Kb3 cxb4 34. axb4 a5 35. bxa5 bxa5 36. g5 a4+ 37. Kb4 Kb6 38. Qe2 Qxf4 39. gxh6 gxh6 40. Qb2 Kc6 41. Qc3 Qg4 42. Kxa4 Qxh5 43. Qd4 Qe2 44. Qd6+ Kb7 45. Qe7+ Kc6 46. Qd6+ Kb7 47. Kb4 Qb2+ 48.
Kc5 Qa3+ 49. Kb5 Qb3+ 50. Kc5 Qa3+ 51. Kb5 Qb3+ 52. Kc5 Qa3+ 1/2-1/2

[Event "Early-Titled-Tuesday-Blitz-March-05-2024"]
[Site "Chess.com"]
[Date "2024.03.05"]
[Round "10"]
[White "JohnWhite1952"]
[Black "ChessBliss09"]
[Result "0-1"]
[WhiteElo "1998"]
[BlackElo "2207"]
[TimeControl "180+1"]
[EndTime "9:58:26 PST"]
[Termination "ChessBliss09 won on time"]

1. e4 e5 2. Nf3 Nc6 3. Bb5 Nf6 4. d3 Bc5 5. O-O d6 6. c3 O-O 7. d4 exd4 8. cxd4 Bb6 9. Nc3 Bg4 10. Bxc6 bxc6 11. Be3 Re8 12. h3 Bh5 13. Qd3 Qd7 14. Kh2 Bg6 15. Nd2 d5 16. f3 dxe4 17. fxe4 Rad8 18.
Rad1 Bxd4 19. Nf3 Bxe3 20. Qxe3 Qe7 21. e5 Nd5 22. Nxd5 cxd5 23. Qxa7 Be4 24. Rc1 Bxf3 25.
Rxf3 Qxe5+ 26. Kh1 Re7 27. Rfc3 c6 28. Qb6 Rde8 29.
Qxc6 d4 30. Rc5 Qe3 31. Qf3 Qxf3 32. gxf3 h6 33. Rc7 Re1+ 34. Rxe1 Rxe1+ 35. Kg2 Re2+ 36.
Kg3 Rxb2 37. Rd7 Rxa2 38. Rxd4 Kh7 39. Kg4 Rg2+ 40. Kf4 g5+ 41. Ke3 Rh2 42. Rd7 Kg7 43.
Rd4 Rxh3 44. Rg4 f5 45. Rg2 Kg6 46. Ke2 Kh5 47. Rg1 Kh4 48. Kf2 Rh2+ 0-1

[Event "Early-Titled-Tuesday-Blitz-March-05-2024"]
[Site "Chess.com"]
[Date "2024.03.05"]
[Round "10"]
[White "yonaltimur"]
[Black "DvaHrasta"]
[Result "0-1"]
[WhiteElo "2349"]
[BlackElo "2454"]
[TimeControl "180+1"]
[EndTime "9:58:28 PST"]
[Termination "DvaHrasta won by resignation"]

1. e4 c6 2. c4 d5 3. cxd5 cxd5 4. exd5 Nf6 5. Nc3 Nxd5 6. Nf3 Nc6 7. Bb5 Nc7 8. Bc4 g6 9. Ng5 Ne5 10. Qb3 e6 11. Nge4 Nd3+ 12. Bxd3 Qxd3 13. Nf6+ Kd8 14. Nce4 Qxb3 15. axb3 Bg7 16. d3 h6 17. O-O Ke7 18.
Be3 b6 19. Bf4 Nb5 20. Ng4 f5 21. Be5 Bxe5 22. Nxe5 fxe4 23. Nxg6+ Kf6 24. Nxh8 Bb7 25. dxe4 Bxe4 26. Rfe1 Bd5 27. Ra4 Rxh8 28. Rf4+ Ke7 29. Rf5 Nc7 30. Rfe5 Bxb3 31. R5e3 Bd5 32. Rc1 Kd6 33.
Rec3 Nb5 34. Rc8 Rxc8 35. Rxc8 Nd4 36. Rh8 Ne2+ 37. Kf1 Nc1 38. Rxh6 Nd3 39. Rh7 a5 40. g4 Nxb2 41. g5 Be4 42. Ra7 a4 43. h4 Bg6 44.
Rg7 a3 45. Ra7 Nc4 46. f4 b5 47. f5 exf5 48. Ra6+ Ke5 49. Rxg6 b4 50. h5 a2 51. Ra6 b3 52. h6 b2 53. h7 b1=Q+ 54. Kf2 Qc2+ 55. Kg3 Qd3+ 56. Kf2 Qe3+ 57. Kg2 Qxg5+ 58. Kf2 Qh4+ 0-1

[Event "Early-Titled-Tuesday-Blitz-March-05-2024"]
[Site "Chess.com"]
[Date "2024.03.05"]
[Round "10"]
[White "Statham_01"]
[Black "francyIM"]
[Result "1/2-1/2"]
[WhiteElo "2565"]
[BlackElo "2771"]
[TimeControl "180+1"]
[EndTime "9:58:30 PST"]
[Termination "Game drawn by stalemate"]

1. e4 Nc6 2. Nc3 d6 3. d4 Nf6 4. d5 Nb8 5. Bg5 c6 6. Bxf6 exf6 7. Nf3 c5 8. Bb5+ Nd7 9. a4 g6 10. h4 h5 11. Qe2 Bh6 12. Bd3 a6 13. a5 Rb8 14.
Nd1 Kf8 15. c3 Kg7 16. Rg1 Ne5 17. Nxe5 fxe5 18. Ne3 Qxh4 19. O-O-O Bxe3+ 20. Qxe3 Qf4 21. Kd2 Bd7 22. g3 Qxe3+ 23. Kxe3 h4 24. gxh4 Rxh4 25. b4 Rh3+ 26. f3 Rc8 27. bxc5 Rxc5 28. Rb1 Bc8 29. Rb6 Rxc3 30. Rxd6 Kf8 31. Rd8+ Ke7 32. Rg8 Bd7 33. Kd2 Ra3 34. Rg7 Kf8 35. R1xg6 Rxd3+ 36. Kxd3 Bb5+ 37. Ke3 fxg6 38. Rxg6 Rh2 39. f4 Rh3+ 40. Kf2 exf4 41. Rf6+ Ke7 42. Rxf4 Kd6 43. Rf7 Ke5 44. Re7+ Kf4 45. Rxb7 Kxe4 46. d6 Rh2+ 47. Kg3 Rd2 48.
Rb6 Ke5 49. Kf3 Rd3+ 50. Kf2 Rxd6 51. Rxd6 Kxd6 52. Ke3 Kc5 53. Kd2 Kb4 54. Kc1 Ka3 55. Kb1 Kb3 56. Ka1 Kc2 57. Ka2 Bc4+ 58. Ka1 Kc3 59.
Kb1 Kb3 60. Ka1 Ka3 61. Kb1 Bd3+ 62. Ka1 Kb4 63. Kb2 Be4 64. Ka1 Kxa5 65. Kb2 Kb4 66. Ka1 a5 67. Kb2 a4 68. Ka1 a3 69. Ka2 Ka4 70. Ka1 Kb3 1/2-1/2

[Event "Early-Titled-Tuesday-Blitz-March-05-2024"]
[Site "Chess.com"]
[Date "2024.03.05"]
[Round "10"]
[White "Actuary44"]
[Black "sorch29"]
[Result "0-1"]
[WhiteElo "2533"]
[BlackElo "2463"]
[TimeControl "180+1"]
[EndTime "9:58:31 PST"]
[Termination "sorch29 won on time"]

1. e4 c5 2. d4 cxd4 3. c3 Nf6 4.
Bd3 dxc3 5. Nxc3 d6 6. f4 e6 7. Nf3 Be7 8. O-O Nc6 9. Kh1 O-O 10. Qe1 b6 11. Be3 Nb4 12. Bb1 Ba6 13. Rg1 Nd3 14. Qd2 Nc5 15. b4 Ncd7 16. e5 dxe5 17. fxe5 Ng4 18.
Rd1 Ndxe5 19. Qc2 Bd3 20. Rxd3 Nxd3 21. Bg1 Bxb4 22. Nd1 Rc8 23. Qxd3 Qxd3 24. Bxd3 Rfd8 25. Ba6 Rc2 26. h3 Nf6 27. Ne3 Rc7 28. Nc4 Ne4 29. Rb1 Bc5 30. Bh2 Nf2+ 31. Kg1 Ng4+ 32. Kf1 Nxh2+ 33. Nxh2 g6 34. Ng4 Kg7 35. Nge5 f6 36.
Nf3 e5 37. Ke2 Re7 38. Ne3 f5 39. Bc4 e4 40. Nd2 Red7 41. Nb3 f4 42. Ng4 h5 43. Ne5 Rd6 44. Nxc5 bxc5 45. Rb7+ Kf6 46. Nf7 Rd2+ 47. Ke1 R8d4 0-1

[Event "Early-Titled-Tuesday-Blitz-March-05-2024"]
[Site "Chess.com"]
[Date "2024.03.05"]
[Round "10"]
[White "mfschulz"]
[Black "Sjakkerntobi"]
[Result "0-1"]
[WhiteElo "2302"]
[BlackElo "2477"]
[TimeControl "180+1"]
[EndTime "9:58:32 PST"]
[Termination "Sjakkerntobi won by checkmate"]

1. d4 Nf6 2. Bg5 Ne4 3. Bf4 d5 4. f3 Nf6 5. e4 c5 6. dxc5 Nc6 7.
Nc3 d4 8. Nb5 e5 9. Bg5 Bxc5 10.
Bc4 a6 11. Na3 h6 12. Bh4 Qa5+ 13. Kf1 b5 14. Bd3 Be6 15. Ne2 Nd7 16. Be1 Qc7 17. Bd2 Nb6 18. Qe1 Nc4 19. Bxc4 bxc4 20. Qg3 f6 21. c3 d3 22. Ng1 Rb8 23. Bc1 d2 24. Bxd2 Rxb2 25. Nb1 Qd7 26. Ne2 Rxd2 27. Nxd2 Qxd2 28.
Qxg7 Rg8 29. Qxf6 Nd8 30. Qxe5 Qe3 31. Ke1 Rxg2 32. Qh5+ Kf8 33. Qxc5+ Qxc5 34. Rd1 Nc6 35. Rd2 Qf2+ 36. Kd1 Qxf3 37. Re1 Bg4 38. Kc1 Qxe4 39. Rf1+ Ke8 40. Ng3 Qe3 41. Rd1 Bxd1 42. Nf1 Qf4 43. Kxd1 Qxf1+ 44. Kc2 Rxd2+ 45. Kxd2 Qd3+ 46. Ke1 Ne5 47. Kf2 Nf3 48. h4 Ne5 49. a4 Qf3+ 50. Ke1 Ng4 51. Kd2 Qe3+ 52. Kd1 Qd3+ 53. Ke1 Qe3+ 54. Kd1 Nf2+ 55. Kc2 Qd3+ 56. Kb2 Ne4 57. a5 Qxc3+ 58. Ka2 Qb3+ 59. Ka1 Nc3 60. h5 Qb1# 0-1

[Event "Early-Titled-Tuesday-Blitz-March-05-2024"]
[Site "Chess.com"]
[Date "2024.03.05"]
[Round "10"]
[White "Happy1712Drummer"]
[Black "Bekkedahl"]
[Result "0-1"]
[WhiteElo "2291"]
[BlackElo "2207"]
[TimeControl "180+1"]
[EndTime "9:58:32 PST"]
[Termination "Bekkedahl won on time"]

1. e4 c5 2. Nf3 g6 3. d4 cxd4 4. Nxd4 Nc6 5. Be3 Nf6 6. Nxc6 bxc6 7. e5 Nd5 8. Bd4 Bg7 9. e6 O-O 10. exf7+ Rxf7 11. Bxg7 Kxg7 12. Bc4 Qb6 13. O-O Ba6 14.
Bxa6 Qxa6 15. Nd2 Raf8 16. Ne4 Qc4 17. Ng5 Rf5 18. Nf3 Qg4 19. Kh1 Nf4 20. Rg1 Nxg2 21. Qd4+ Qxd4 22. Nxd4 Rf4 23. Ne2 Nh4 24. Nxf4 Rxf4 25.
Rgf1 d5 26. Rae1 Nf5 27. Re5 Kf6 28. Re2 e5 29. Rfe1 e4 30. c4 Ke5 31. cxd5 cxd5 32. b4 d4 33. a4 d3 34. Rd2 Kd4 35. Rc1 Nh4 36. b5 Rxf2 37. Rxf2 e3 38. Rf4+ Ke5 39. Rff1 d2 40. Rc2 e2 41. Rg1 e1=Q 42. Rc5+ Kd4 43. Rc8 Qxg1+ 44. Kxg1 d1=Q+ 45. Kf2 Qd2+ 46. Kg1 Qg5+ 47.
Kf1 Qf4+ 48. Kg1 Qg4+ 49. Kh1 Qxc8 50. a5 Qg4 0-1

[Event "Early-Titled-Tuesday-Blitz-March-05-2024"]
[Site "Chess.com"]
[Date "2024.03.05"]
[Round "10"]
[White "Bauman_Guy"]
[Black "moro182"]
[Result "1-0"]
[WhiteElo "2924"]
[BlackElo "2835"]
[TimeControl "180+1"]
[EndTime "9:58:33 PST"]
[Termination "Bauman_Guy won by resignation"]

1. e4 g6 2. d4 Bg7 3. Nc3 a6 4. a4 d6 5. Bc4 Nf6 6. Nf3 Nxe4 7. Bxf7+ Kxf7 8. Nxe4 Rf8 9. c3 Kg8 10. Qb3+ e6 11.
O-O Nc6 12. Nfg5 d5 13. Nc5 Qd6 14. Re1 e5 15. Nge4 Qd8 16. Bg5 Qe8 17. Qxd5+ Kh8 18. Ng3 h6 19. Bd2 b6 20. Nd3 Be6 21. Qe4 Rd8 22.
Nxe5 Nxe5 23. Bxh6 Rd5 24. Bxg7+ Kxg7 25. dxe5 Qd7 26. Ne2 Rd2 27. Nd4 c5 28. Nxe6+ Qxe6 29. Re2 Rfd8 30. Rxd2 Rxd2 31. h4 Rxb2 32. Rd1 Qf7 33.
Qe3 Qe6 34. Rd6 Qe7 35. Qf4 Re2 36. Rxg6+ Kxg6 37. Qg4+ Kf7 38. Qxe2 Qxh4 39. Qxa6 Qh6 40. Qb7+ Ke8 41. Qc8+ Ke7 42. Qc7+ Ke8 43. Qb8+ Kf7 44. Qb7+ Ke8 45. g3 Qc1+ 46. Kg2 Qxc3 47. e6 Qf6 48.
Qxb6 Qe5 49. Qc6+ Kf8 50. a5 Ke7 51. a6 Kf6 52. a7 c4 53. a8=Q 1-0